 Dungeon Crawl Stone Soup version 0.19-a0-49-gb8736b8 (webtiles) character file.

2560 M4edhros the Grappler (level 9, 0/126 HPs)
             Began as a Troll Monk on May 6, 2016.
             Was a Priest of Cheibriados.
             Slain by a soldier ant (8 damage)
             ... on level 9 of the Dungeon.
             The game lasted 00:08:01 (1753 turns).

M4edhros the Grappler (Troll Monk)                  Turns: 1753, Time: 00:08:02

Health: 0/126      AC: 24    Str: 30    XL:     9   Next: 31%
Magic:  7/7        EV:  1    Int: 16    God:    Cheibriados [***...]
Gold:   3          SH:  0    Dex: 24    Spells: 0 memorised, 8 levels left

rFire  . . .     SeeInvis .       - Unarmed
rCold  . . .     Gourm    +     (armour currently unavailable)
rNeg   + + +     Faith    .     (no shield)
rPois  +         Spirit   .     (helmet currently unavailable)
rElec  .         Dismiss  .     (cloak currently unavailable)
rCorr  .         Reflect  .     (gloves unavailable)
SustAt .         Harm     .     (boots unavailable)
MR     .....     NoTele   +     (no amulet)
Stlth  ++........               k - +5 ring of dexterity
                                c - ring of loudness

@: lethally poisoned (0 -> 0), tree-form (expiring), very slow, not resistant to
hostile enchantments, unstealthy
A: unfitting armour, (antennae 0), (claws 0), (yellow scales 0), (fire
resistance 0), fast metabolism 3, gourmand, low mp 1, sense surroundings 1,
regeneration 2, (shaggy fur 0), strong 1, (tough skin 0)
a: Bend Time, Temporal Distortion, Renounce Religion


You were on level 9 of the Dungeon.
You worshipped Cheibriados.
Cheibriados was most pleased with you.
You were not hungry.
You were a tree.
You visited 2 branches of the dungeon, and saw 10 of its levels.

You collected 149 gold pieces.
You spent 146 gold pieces at shops.

Inventory:

Armour
 a - a +0 robe
 g - a +1 cloak (melded)
 n - a +0 robe (melded)
 t - the +0 shield of a bailey {rCorr}
   (You acquired it on level 8 of the Dungeon)

   It protects you from acid and corrosion.
Jewellery
 c - a ring of loudness (left branch)
 k - a +5 ring of dexterity (right branch)
Wands
 e - a wand of confusion (5/48)
Scrolls
 h - a scroll of recharging {unknown}
 i - a scroll of random uselessness {unknown}
 j - 2 scrolls of teleportation {unknown}
 l - a scroll of immolation {unknown}
 m - 2 scrolls of remove curse
 o - a scroll of amnesia {unknown}
 s - 3 scrolls of magic mapping {unknown}
Potions
 q - 2 potions of cancellation
Comestibles
 b - 4 bread rations
 d - 2 meat rations
 f - a royal jelly


   Skills:
 + Level 4.0 Fighting
 + Level 3.8 Dodging
 - Level 1.1 Stealth
 * Level 4.2 Shields
 - Level 10.9 Unarmed Combat


You had 8 spell levels left.
You didn't know any spells.

Dungeon Overview and Level Annotations

Branches:
Dungeon (9/15)             Temple (1/1) D:5
   Lair: D:8-11         Orc: D:9-12

Altars:
Cheibriados
Dithmenos
Elyvilon
Gozag
Makhleb
Vehumet
Zin
The Shining One

Shops:
D:5 !!   D:9 !

Annotations:
D:7 Pikel


Innate Abilities, Weirdness & Mutations

You are too large for most types of armour.
((You have claws for hands.))
Your metabolism is lightning-fast.
You like to eat raw meat.
You heal very quickly.
((You are covered in fur (AC +1).))
((You have very tough skin (AC +2).))
((You have a pair of small antennae on your head.))
((You are partially covered in yellow scales (AC +2).))
((Your flesh is heat resistant.))
Your magical capacity is low (-10% MP).
You passively map a small area around you.
Your muscles are strong. (Str +2)


Message History

Cheibriados raises the support of your attributes as your movement slows.
Your Shields skill increases to level 4!
The soldier ant stings you but does no damage.
You pummel the soldier ant!!
The soldier ant is severely wounded.
The soldier ant waves its antennae.
The soldier ant stings you but does no damage. x2
The soldier ant stings you!
* * * LOW HITPOINT WARNING * * *
The worker ant bites you but does no damage.
The soldier ant stings you.
* * * LOW HITPOINT WARNING * * *
A worker ant comes into view.
You smack the soldier ant!
You kill the soldier ant!
Cheibriados appreciates the change of pace.
Your Fighting skill increases to level 4!
The soldier ant stings you but does no damage. x2
The soldier ant stings you!
You die...

#........# *
#......?.# ,
#.[......#### ,,
#####.......######
#............., ,
#....††o......
#.....a#.#.###
#...a)#.## # , ,*
#..a♣aa#..* , ,
###a####.... #..#
,..# , #...a ....
##.##.# ..# #. a.
, ##, .. , . , * *


You could see 3 soldier ants, an orc warrior (confused) and 3 worker ants.

Vanquished Creatures
  A hungry ghost (D:9)
  6 soldier ants (D:9)
  A water moccasin (D:7)
  A sky beast (D:7)
  An ice beast (D:7)
  2 phantoms
  A centaur (D:9)
  3 giant frogs (D:6)
  3 scorpions (D:4)
  A howler monkey (D:7)
  A giant frog zombie (D:7)
  A giant frog skeleton (D:5)
  A hound (D:4)
  9 orc wizards
  An orc priest (D:9)
  15 worker ants
  4 gnolls (D:5)
  4 adders
  A howler monkey skeleton (D:4)
  An adder zombie (D:6)
  2 adder skeletons
  3 giant geckos
  13 orcs
  2 ball pythons (D:4)
  A goblin (D:1)
  2 hobgoblins
  6 jackals
  A bat (D:2)
  A jackal zombie (D:6)
  A kobold (D:3)
  2 quokka zombies (D:5)
  2 rats (D:3)
94 creatures vanquished.

Notes
Turn   | Place    | Note
--------------------------------------------------------------
     0 | D:1      | M4edhros the Troll Monk began the quest for the Orb.
     0 | D:1      | Reached XP level 1. HP: 22/22 MP: 0/0
    49 | D:3      | Reached XP level 2. HP: 29/29 MP: 1/1
    81 | D:4      | Noticed a scorpion
    84 | D:4      | Killed a scorpion
    84 | D:4      | Reached skill level 5 in Unarmed Combat
    84 | D:4      | Reached XP level 3. HP: 36/36 MP: 2/2
    93 | D:5      | Entered Level 5 of the Dungeon
    96 | D:5      | Reached XP level 4. HP: 44/44 MP: 3/3
   109 | D:5      | Reached skill level 6 in Unarmed Combat
   145 | D:6      | Noticed a giant frog
   179 | D:6      | Killed a giant frog
   179 | D:6      | Reached XP level 5. HP: 47/50 MP: 4/4
   214 | D:6      | Reached skill level 7 in Unarmed Combat
   225 | D:7      | Noticed a slave
   226 | D:7      | Noticed a slave
   226 | D:7      | Noticed a slave
   226 | D:7      | Noticed a water moccasin
   227 | D:7      | Noticed a slave
   228 | D:7      | Noticed Pikel
   235 | D:7      | Killed a water moccasin
   235 | D:7      | Reached XP level 6. HP: 22/59 MP: 5/5
   309 | D:6      | Reached skill level 8 in Unarmed Combat
   462 | D:4      | Reached XP level 7. HP: 66/66 MP: 6/6
   567 | D:4      | Reached skill level 9 in Unarmed Combat
   789 | D:5      | Found Louteaf's Distillery.
   792 | D:5      | Bought a potion of heal wounds for 55 gold pieces
   903 | D:5      | Found Ymuj's Distillery.
   906 | D:5      | Bought a potion of lignification for 36 gold pieces
  1040 | D:6      | You fall through a shaft!
  1060 | D:7      | Reached skill level 10 in Unarmed Combat
  1068 | D:7      | Reached XP level 8. HP: 37/74 MP: 7/7
  1077 | D:7      | Gained mutation: Your magical capacity is low (-10% MP). [mutagenic meat]
  1078 | D:7      | Gained mutation: You are partially covered in yellow scales (AC +2). [mutagenic meat]
  1079 | D:7      | Gained mutation: Your flesh is heat resistant. [mutagenic meat]
  1243 | D:5      | Found a staircase to the Ecumenical Temple.
  1247 | Temple   | Entered the Ecumenical Temple
  1277 | Temple   | Became a worshipper of Cheibriados the Contemplative
  1277 | Temple   | Reached * piety under Cheibriados
  1277 | Temple   | Reached ** piety under Cheibriados
  1522 | D:8      | Identified a scroll of acquirement
  1525 | D:8      | Gained mutation: You passively map a small area around you. [potion of beneficial mutation]
  1526 | D:8      | Gained mutation: You have a pair of small antennae on your head. [potion of beneficial mutation]
  1527 | D:8      | Gained mutation: Your muscles are strong. (Str +2) [potion of beneficial mutation]
  1529 | D:8      | Got a bloodstained shield
  1535 | D:8      | Identified the +0 shield of a bailey {rCorr} (You acquired it on level 8 of the Dungeon)
  1535 | D:8      | funny shield...
  1567 | D:9      | Found a radiant altar of Vehumet.
  1569 | D:9      | Found Weahup's Distillery.
  1575 | D:9      | Reached skill level 1 in Shields
  1586 | D:9      | Bought a potion of heal wounds for 55 gold pieces
  1704 | D:9      | Reached XP level 9. HP: 41/83 MP: 7/7
  1734 | D:9      | Reached *** piety under Cheibriados
  1753 | D:9      | Slain by a soldier ant

Vault maps used:
D:1:      dpeg_arrival_pits
D:2:      grunt_pakellas_basics, gammafunk_temple_overflow_elements,
          uniq_terence
D:3:      serial_bayou_lagoon_a
D:4:      first_bread
D:5:      minmay_temple_entry_from_below_a, serial_shops,
          nicolae_shop_behind_doors, shop, kennysheep_mini, lemuel_statue_altar
D:7:      kennysheep_mini_moat, kennysheep_small_circle, uniq_pikel
D:8:      uniq_psyche
D:9:      vehumet_crystals, grunt_temple_overflow_diamond, serial_shops, shop,
          nicolae_shop_statue_plus, nicolae_shop_behind_doors,
          nicolae_shop_crystal, nicolae_shop_crystal, zaba_anthell
Temple:   oiseaux_autumnal_temple_12

Skill      XL: |  1  2  3  4  5  6  7  8  9 |
---------------+----------------------------+-----
Unarmed Combat | 5 6 7 8 10 | 10.9
Shields        | 3 4 |  4.2
Fighting       | 3 4 |  4.0
Dodging        | 3 |  3.8
Stealth        | |  1.1

Action                   |  1- 3 |  4- 6 |  7- 9 || total
-------------------------+-------+-------+-------++-------
Melee: Unarmed           |    22 |    81 |   209 ||   312
       Punch             |       |       |     6 ||     6
Evoke: Wand              |       |       |     3 ||     3
  Use: Scroll            |       |     1 |     5 ||     6
       Potion            |       |       |     7 ||     7
 Stab: Sleeping          |     1 |       |       ||     1
  Eat: Chunk             |       |     6 |    10 ||    16
Armor: Robe              |    10 |    27 |    46 ||    83
       Skin              |       |       |    70 ||    70
Dodge: Dodged            |     8 |    39 |    82 ||   129
